 Dungeon Crawl Stone Soup version 0.24.0-37-gcf1ca852f1 (webtiles) character file.

Game seed: 10588379099565497978, levelgen mode: deterministic

10 Descartes the Grasshopper (level 2, 0/13 HPs)
             Began as a Felid Warper on Nov 27, 2019.
             Slain by a rat (2 damage)
             ... on level 1 of the Dungeon.
             The game lasted 00:01:00 (275 turns).

Descartes the Grasshopper (Felid Warper)             Turns: 275, Time: 00:01:00

Health: 0/13       AC:  1    Str:  7    XL:     2   Next: 10%
Magic:  6/6        EV: 18    Int: 14    God:
Gold:   15         SH:  0    Dex: 15    Spells: 5/5 levels left
                                        Lives:  0   Deaths: 0

rFire    . . .     SeeInvis +     - Unarmed
rCold    . . .     Gourm    .   (shield unavailable)
rNeg     . . .     Faith    .   (armour unavailable)
rPois    .         Spirit   .   (helmet unavailable)
rElec    .         Reflect  .   (cloak unavailable)
rCorr    .         Harm     .   (gloves unavailable)
MR       .....                  (boots unavailable)
Stlth    ++........             (no amulet)
HPRegen  0.04/turn              (no ring)
MPRegen  0.10/turn              (no ring)

@: lethally poisoned (0 -> -6), quick
A: very small, no armour, no weapons or thrown items, stealth, claws 1, fangs 3,
see invisible, carnivore, speed 1, shaggy fur 1, slow metabolism 1, sharp paws
a: no special abilities


You were on level 1 of the Dungeon.
You were very full.

You visited 1 branch of the dungeon, and saw 1 of its levels.

You collected 15 gold pieces.

Inventory:

Missiles
 a - 45 stones
Scrolls
 b - a scroll of blinking
Potions
 d - a potion of brilliance {unknown}
Comestibles
 c - a ration


   Skills:
 + Level 2.1 Fighting
 + Level 3.3 Dodging
 * Level 1.2 Stealth
 * Level 2.2 Unarmed Combat
 * Level 2.2 Spellcasting
   Level 4.4 Translocations


You had 5 spell levels left.
You didn't know any spells.
Your spell library contained the following spells:

 Spells                   Type           Power        Failure   Level  Hunger
 Blink                    Tloc           N/A          6%          2    ###....
 Gell's Gravitas          Tloc           ##........   12%         3    ###....
 Lesser Beckoning         Tloc           ##........   12%         3    ###....
 Teleport Other           Tloc           ##......     12%         3    ###....
 Shroud of Golubria       Chrm/Tloc      #.....       14%         2    ###....
 Passage of Golubria      Tloc           N/A          36%         4    #####..


Dungeon Overview and Level Annotations

Branches:
Dungeon (1/15)

Altars:
Xom


Innate Abilities, Weirdness & Mutations

You cannot wear armour.
You are incapable of wielding weapons or throwing items.
Your paws allow you to move quietly. (Stealth)
You have sharp claws.
You have razor-sharp teeth.
You have supernaturally acute eyesight. (SInv)
You are carnivorous and can eat meat at any time.
You cover ground quickly.
You are covered in fur. (AC +1)
You have a slow metabolism.
Your sharp claws are effective at attacking unaware monsters.


Message History

You feel sick.
Found a ration.
You see here a +0 short sword of venom.
You scratch the giant cockroach.
The giant cockroach is heavily wounded.
You feel sick. The rat completely misses you. The giant cockroach bites you.
You barely miss the giant cockroach.
The giant cockroach is heavily wounded.
The rat misses you.
The giant cockroach completely misses you.
You barely miss the giant cockroach.
The giant cockroach is heavily wounded.
The rat bites you.
* * * LOW HITPOINT WARNING * * *
The giant cockroach misses you.
You scratch the giant cockroach but do no damage.
The giant cockroach is heavily wounded.
* * * LOW HITPOINT WARNING * * *
You feel sick. The giant cockroach closely misses you. The rat bites you.
You die...

.....#...#..#.#.
########.#...#....#.## .
#.................#.#
..#...........#..####.#
...........÷..[....##.##
...................##...
%........?.........#####
...[..r†..##.####..#
.....#@####.# #.#
......s.# #.# .#
........# #.# .#
......... ..# ......###
#.. ...... ....## ####


You could see a giant cockroach and a rat.

Vanquished Creatures
  A leopard gecko (D:1)
  A ball python (D:1)
  3 jackals (D:1)
  2 bats (D:1)
  A kobold (D:1)
  A rat (D:1)
9 creatures vanquished.

Notes
Turn   | Place    | Note
-------+----------+-------------------------------------------
     0 | D:1      | Descartes the Felid Warper began the quest for the Orb.
     0 | D:1      | Reached XP level 1. HP: 9/9 MP: 4/4
    36 | D:1      | Found a shimmering altar of Xom.
   128 | D:1      | Reached skill level 1 in Stealth
   268 | D:1      | Reached XP level 2. HP: 9/13 MP: 6/6
   275 | D:1      | Slain by a rat

Levels and vault maps discovered:
D:1:      psy_arrival_basics, layout_rooms, chequers_jeans, xom_teletrap_fun

Skill      XL: |  1 |
---------------+----+-----
Stealth        | 1 |  1.2
Fighting       | |  2.1
Dodging        | |  3.3
Unarmed Combat | |  2.2
Spellcasting   | |  2.2
Translocations | |  4.4

Action                   || total
-------------------------++-------
Melee: Unarmed           ||    32
  Eat: Chunk             ||     4
Armor: Skin              ||     5
Dodge: Dodged            ||    33
